 Dungeon Crawl Stone Soup version 0.29-a0-243-g602b31c20e (webtiles) character file.

Game seed: 8872544001251120626

1563 Gildeon the Cleaver (level 8, 0/68 HPs)
             Began as a Minotaur Fighter on Mar 4, 2022.
             Was a Follower of Makhleb.
             Engulfed by a steam dragon's steam (4 damage)
             ... on level 6 of the Dungeon.
             The game lasted 00:12:10 (6693 turns).

Gildeon the Cleaver (Minotaur Fighter)              Turns: 6693, Time: 00:12:11

Health: 0/68       AC: 14    Str: 23    XL:     8   Next: 58%
Magic:  7/7        EV:  3    Int:  5    God:    Makhleb [*.....]
Gold:   262        SH: 12    Dex: 10    Spells: 4/7 levels left

rFire   . . .      SeeInvis .   r - +2 hand axe (venom)
rCold   . . .      Faith    .   o - +0 tower shield
rNeg    . . .      Spirit   .   b - +0 plate armour
rPois   .          Reflect  .   (helmet restricted)
rElec   .          Harm     .   p - +0 cloak
rCorr   .          Rampage  .   (no gloves)
Will    .....                   c - +0 pair of boots
Stlth   ..........              h - amulet of magic regeneration
HPRegen 0.21/turn               (no ring)
MPRegen 0.50/turn               (no ring)

@: no status effects
A: horns 2, retaliatory headbutt
a: Renounce Religion


You were on level 6 of the Dungeon.
You worshipped Makhleb.
Makhleb was aware of your devotion.
You visited 2 branches of the dungeon, and saw 7 of its levels.

You collected 388 gold pieces.
You spent 126 gold pieces at shops.

Inventory:

Hand Weapons
 a - a +0 war axe
 q - a +0 morningstar
 r - a +2 hand axe of venom (weapon)
 w - a +1 vorpal spear
Missiles
 v - 4 throwing nets (quivered)
Armour
 b - a +0 plate armour (worn)
 c - a +0 pair of boots (worn)
 o - a +0 tower shield (worn)
 p - a +0 cloak (worn)
Jewellery
 h - an amulet of magic regeneration (around neck)
Scrolls
 e - a scroll of fog {unknown}
 f - a scroll of magic mapping {unknown}
 g - a scroll of amnesia {unknown}
 i - 3 scrolls of teleportation
 j - 4 scrolls of enchant armour {unknown}
 k - a scroll of fear {unknown}
 l - 5 scrolls of immolation {unknown}
 m - 2 scrolls of vulnerability {unknown}
 n - 4 scrolls of identify {unknown}
 s - a scroll of silence {unknown}
 t - a scroll of noise {unknown}
Potions
 d - a potion of might


   Skills:
 - Level 5.0 Fighting
 * Level 11.3 Axes
 - Level 5.0 Armour
 + Level 2.5 Dodging
 + Level 4.8 Shields


You had 4 spell levels left.
You knew the following spells:

 Your Spells              Type           Power      Damage    Failure   Level
a - Ozocubu's Armour      Ice            0%         N/A       100%        3

Your spell library contained the following spells:

 Spells                   Type           Power      Damage    Failure   Level
 Ozocubu's Refrigeration  Ice            0%         4d5       100%        7


Dungeon Overview and Level Annotations

Branches:
Dungeon (6/15)             Temple (1/1) D:4

Altars:
Ashenzari
Cheibriados
Dithmenos
Elyvilon
Fedhas
Gozag
Hepliaklqana
Kikubaaqudgha
Makhleb
Nemelex Xobeh
Okawaru
Qazlal
Sif Muna
Trog
Uskayaw
Vehumet
Wu Jian
Xom
Yredelemnul
Zin
The Shining One

Shops:
D:3 [

Annotations:
D:4 2 transporters, NigelTetley's ghost, amateur DECj


Innate Abilities, Weirdness & Mutations

You have a pair of horns on your head.
You reflexively headbutt those who attack you in melee.


Message History

The steam dragon claws you but does no damage.
You hit the steam dragon.
The steam dragon is poisoned.
You headbutt the steam dragon.
The steam dragon is moderately wounded.
You are engulfed in a cloud of scalding steam.
You block the steam dragon's attack. x2
You barely miss the steam dragon.
You headbutt the steam dragon, but do no damage.
The steam dragon is moderately wounded.
The steam dragon bites you.
The steam dragon claws you but does no damage.
You barely miss the steam dragon.
The steam dragon is moderately wounded.
The steam dragon barely misses you. You furiously retaliate!
You headbutt the steam dragon!
The steam dragon claws you but does no damage.
You barely miss the steam dragon. You headbutt the steam dragon.
The steam dragon is severely wounded.
You block the steam dragon's attack.
The steam dragon claws you but does no damage.
The steam dragon breathes steam at you. The ball of steam hits you!
You closely miss the steam dragon. Your headbutt misses the steam dragon.
The steam dragon is severely wounded.
You are engulfed in a cloud of scalding steam.
The steam dragon breathes steam at you. The ball of steam hits you!
* * * LOW HITPOINT WARNING * * *
You closely miss the steam dragon.
The steam dragon is almost dead.
You are engulfed in a cloud of scalding steam.
* * * LOW HITPOINT WARNING * * *
You block the steam dragon's attack.
The steam dragon claws you but does no damage.
Unknown command.
Okay, then.
You closely miss the steam dragon.
The steam dragon is almost dead.
You are engulfed in a cloud of scalding steam.
You die...

#......# #..#
#......########..###
########..............[[
.................##.####
#####..###.....##.# #§##
##.......# #.# #.......#
#§# #.......# #@#
#.......# #D#§
#.########## #5. ###
#...... ...# #......
.♣?. #...).. #. .##
#...†.# ## .# #.....# #+
###.##### #........


You could see a steam dragon (poisoned, catching breath) and a white imp.

Vanquished Creatures
  An orc warrior (D:6)
  4 ice beasts
  An ogre (D:4)
  3 necrophages
  2 gnoll sergeants (D:6)
  4 scorpions
  A howler monkey (D:5)
  A hound (D:6)
  An orc priest (D:6)
  2 jellies
  An iguana (D:4)
  9 gnolls (D:6)
  10 adders
  A white imp (D:6)
  A worm (D:3)
  2 dart slugs (D:1)
  16 orcs
  8 bats
  6 endoplasms
  6 giant cockroaches
  11 goblins
  5 hobgoblins
  5 jackals
  8 kobolds
  2 quokkas
  10 ball pythons
  A frilled lizard (D:1)
  7 rats
129 creatures vanquished.

Notes
Turn   | Place    | Note
-------+----------+-------------------------------------------
     0 | D:1      | Gildeon the Minotaur Fighter began the quest for the Orb.
     0 | D:1      | Reached XP level 1. HP: 19/19 MP: 0/0
   183 | D:1      | Reached skill level 3 in Axes
   281 | D:1      | Reached XP level 2. HP: 26/26 MP: 1/1
   442 | D:1      | Reached skill level 4 in Axes
   801 | D:1      | Reached XP level 3. HP: 31/31 MP: 2/2
  1440 | D:2      | Reached skill level 5 in Axes
  1723 | D:3      | Reached XP level 4. HP: 30/39 MP: 3/3
  2061 | D:3      | Noticed a scorpion
  2075 | D:3      | Killed a scorpion
  2076 | D:3      | Reached skill level 6 in Axes
  2179 | D:3      | Reached XP level 5. HP: 28/45 MP: 4/4
  2594 | D:3      | Found Woaxoxt's Armour Boutique.
  2602 | D:3      | Bought a +0 tower shield for 63 gold pieces
  2602 | D:3      | Bought a +0 cloak for 63 gold pieces
  2799 | D:4      | Noticed an ogre
  2807 | D:4      | Killed an ogre
  2808 | D:4      | Reached skill level 7 in Axes
  2988 | D:4      | Reached XP level 6. HP: 38/51 MP: 5/5
  3056 | D:4      | Reached skill level 8 in Axes
  3219 | D:4      | Found a burning altar of Makhleb.
  3220 | D:4      | Found a staircase to the Ecumenical Temple.
  3236 | D:4      | Became a worshipper of Makhleb the Destroyer
  3246 | Temple   | Entered the Ecumenical Temple
  3690 | D:4      | Found a transporter.
  3692 | D:4      | Noticed NigelTetley's ghost (amateur DECj)
  3696 | D:4      | Identified the +8 hunting sling "Zuqekk" {speed, rF+ rN+
                  | Int+5}
  3899 | D:4      | HP: 2/51 [acid (10)]
  4347 | D:4      | Found a transporter.
  4494 | D:5      | Entered Level 5 of the Dungeon
  4523 | D:5      | Reached skill level 9 in Axes
  4523 | D:5      | Reached XP level 7. HP: 58/59 MP: 6/6
  4887 | D:5      | Found the +4 robe of Augmentation {Str+4 Int+4 Dex+4}
  5520 | D:6      | Reached * piety under Makhleb
  5540 | D:6      | Reached skill level 5 in Fighting
  5540 | D:6      | Reached skill level 10 in Axes
  5540 | D:6      | Reached skill level 5 in Armour
  5542 | D:6      | Reached XP level 8. HP: 31/68 MP: 7/7
  5974 | D:6      | Reached skill level 1 in Dodging
  6202 | D:6      | Reached skill level 11 in Axes
  6287 | D:6      | Learned a level 3 spell: Ozocubu's Armour
  6693 | D:6      | Engulfed by a steam dragon's steam

Illustrated notes

Levels and vault maps discovered:
D:1:      scummos_arrival_forest, layout_basic, dreamdust_mushroom_princess
D:2:      layout_rooms, minivault_14
D:3:      layout_basic, serial_shops, shop, amcnicky_mini_pool_small
D:4:      layout_gridville, overflow_temple_1_default,
          minmay_temple_entry_wispy, gammafunk_ghost_stat_death, minivault_23,
          minmay_misc_feat_rows, minmay_misc_feat_room
D:5:      layout_basic
D:6:      layout_basic, grunt_ministairs_4
Temple:   mainiacjoe_temple_big_plus

Skill      XL: |  1  2  3  4  5  6  7  8 |
---------------+-------------------------+-----
Axes           | 3 4 5 6 7 9 10 11 | 11.3
Fighting       | 4 5 |  5.0
Armour         | 5 |  5.0
Dodging        | 2 |  2.5
Shields        | 4 |  4.8

Action                   |  1- 3 |  4- 6 |  7- 9 || total
-------------------------+-------+-------+-------++-------
Melee: War axe           |    89 |    75 |       ||   164
       Headbutt          |     8 |    14 |    23 ||    45
       Hand axe          |       |    25 |   138 ||   163
Throw: Throwing net      |       |       |     1 ||     1
  Use: Potion            |       |     3 |     1 ||     4
       Scroll            |       |     1 |       ||     1
Armor: Scale mail        |    46 |    31 |    34 ||   111
       Plate armour      |       |       |    15 ||    15
Dodge: Dodged            |    49 |    31 |    27 ||   107
Block: Buckler           |    25 |     5 |       ||    30
       Tower shield      |       |    47 |    76 ||   123

Table legend: (Time is in decaauts)
 A = Elapsed time spent in this place.
 B = Non-inter-level travel time spent in this place.
 C = Inter-level travel time spent in this place.
 D = Time resting spent in this place.
 E = Time spent auto-exploring this place.
 F = Levels seen in this place.
 G = Mean time per level.
                   A        B        C        D        E       F      G
               +--------+--------+--------+--------+--------+-----+--------+
         Total |   6781 |   6646 |    135 |    175 |   5395 |   7 |  968.7 |
       Dungeon |   6364 |   6255 |    109 |    175 |   5011 |   6 | 1060.7 |
        Temple |    416 |    390 |     26 |      0 |    384 |   1 |  416.0 |
               +--------+--------+--------+--------+--------+-----+--------+

Top non-repeatable levels by time:
     D:4: 1377 daAuts
     D:6: 1288 daAuts
     D:1: 1096 daAuts
     D:3: 1040 daAuts
     D:5: 937 daAuts
     D:2: 624 daAuts
  Temple: 416 daAuts
